 Dungeon Crawl Stone Soup version 0.30.0-2-g1aa4bd4387 (webtiles) character file.

Game seed: 5547721905856786585

714 Artemis2 the Ruffian (level 7, -2/67 HPs)
             Began as a Troll Berserker on May 7, 2023.
             Was a Priest of Trog.
             Slain by hahaXD's ghost (9 damage)
             ... on level 4 of the Dungeon.
             The game lasted 00:11:05 (3063 turns).

Artemis2 the Ruffian (Troll Berserker)              Turns: 3063, Time: 00:11:05

Health: -2/67      AC:  5    Str: 28    XL:     7   Next: 41%
Magic:  6/6        EV: 10    Int:  3    God:    Trog [***...]
Gold:   224        SH:  0    Dex:  9    Spells: 6/6 levels left

rFire   + . .        i - +6 mace
rCold   + . .        (no shield)
rNeg    . . .        a - +0 animal skin
rPois   .            (helmet restricted)
rElec   .            p - +0 cloak
rCorr   .            (gloves unavailable)
SInv    .            (boots unavailable)
Will    .....        (no amulet)
Stlth   +            d - ring of protection from fire
HPRegen 1.11/turn    l - ring of protection from cold
MPRegen 0.10/turn

%: no passive effects
@: on berserk cooldown, slowed, studying Axes, invisible, very slow
A: large, unfitting armour, claws 3, regeneration 1, shaggy fur 1, tough skin 1
a: Renounce Religion, Berserk, Trog's Hand


You were on level 4 of the Dungeon.
You worshipped Trog.
Trog was most pleased with you.
You visited 1 branch of the dungeon, and saw 4 of its levels.

You collected 224 gold pieces.

Inventory:

Hand Weapons
 f - a +2 dagger of electrocution
 i - a +6 mace (weapon)
Missiles
 n - 2 silver javelins
 o - 2 poisoned darts (quivered)
Armour
 a - a +0 animal skin (worn)
 p - a +0 cloak (worn)
Jewellery
 d - a ring of protection from fire (left claw)
 h - a ring of fire
 l - a ring of protection from cold (right claw)
Potions
 b - a potion of mutation
 c - a potion of invisibility
 g - a potion of brilliance {unknown}
 j - a potion of might {unknown}
 k - a potion of magic {unknown}
 m - a potion of attraction {unknown}


   Skills:
 + Level 3.3 Fighting
 * Level 0.5(2.6) Axes
 * Level 4.6 Maces & Flails
 + Level 3.7 Dodging
 + Level 0.6 Stealth
 * Level 5.0 Unarmed Combat


You had 6 spell levels left.
You didn't know any spells.
Your spell library was empty.

Dungeon Overview and Level Annotations

Branches:
Dungeon (4/15)             Temple (0/1) D:4

Altars:

Annotations:
D:3 3 runed translucent doors, AlmostAGhost's ghost, amateur DsGl
D:4 hahaXD's ghost, amateur GrRe


Innate Abilities, Weirdness & Mutations

You are too large for most types of armour.
You have claws for hands.
Your natural rate of healing is unusually fast.
You are covered in fur. (AC +1)
You have tough skin. (AC +1)


Message History

The kobold hits you with a +0 short sword.
The kobold hits you with a +0 dagger. HahaXD's ghost completely misses you.
The kobold barely misses you. The kobold hits you but does no damage.
The kobold barely misses you.
You hit hahaXD's ghost but do no damage.
HahaXD's ghost is lightly damaged.
Your skin stops crawling.
You feel less strong-willed. HahaXD's ghost hits you!
The kobold closely misses you. The kobold barely misses you.
The kobold hits you but does no damage.
HahaXD's ghost hits you but does no damage.
The kobold misses you.
You hit hahaXD's ghost.
HahaXD's ghost is moderately damaged.
The kobold barely misses you. The kobold hits you but does no damage.
HahaXD's ghost hits you.
* * * LOW HITPOINT WARNING * * *
The kobold barely misses you. The kobold closely misses you. x2
HahaXD's ghost hits you.
* * * LOW HITPOINT WARNING * * *
It was a potion of invisibility.
You fade into invisibility!
The kobold completely misses you.
The kobold hits you but does no damage. x2
HahaXD's ghost barely misses you. The kobold barely misses you.
The kobold closely misses you. x2
You hit hahaXD's ghost but do no damage.
HahaXD's ghost is moderately damaged.
HahaXD's ghost hits you.
* * * LOW HITPOINT WARNING * * *
The kobold barely misses you. The kobold hits you with a +0 dagger.
* * * LOW HITPOINT WARNING * * *
HahaXD's ghost hits you.
* * * LOW HITPOINT WARNING * * *
The kobold throws a stone.
The stone closely misses you.
The stone hits the kobold but does no damage.
You aren't carrying any scrolls.
You hit hahaXD's ghost but do no damage.
You claw hahaXD's ghost.
HahaXD's ghost is moderately damaged.
The kobold hits you but does no damage. x2; HahaXD's ghost hits you!
You die...

....#.....###.#####
######.......
#########.........#
#.......
###.......#
#....... #..)....#
#....... #.......#
##...... #####..<#
##..... ##~⌠~##K.#
###### #.=...#).# #
#..###.W@)#
#(.....)KK#
#..###.'.##
#.....#.# ##~⌠~##.#
#####..# ####


You could see hahaXD's ghost (unable to see you) and 3 kobolds.

Vanquished Creatures
  Duvessa (D:4)
  An orc warrior (D:4)
  A kobold brigand (D:4)
  A scorpion (D:4)
  Dowan (D:4)
  3 hounds (D:4)
  An orc priest (D:4)
  3 orc wizards (D:4)
  5 adders
  An ufetubus (D:4)
  2 worms (D:2)
  3 dart slugs
  7 orcs (D:4)
  7 endoplasms
  4 giant cockroaches
  10 hobgoblins
  2 jackals (D:3)
  8 kobolds
  2 quokkas
  5 ball pythons
  4 bats
  2 frilled lizards
  7 goblins
  15 rats
96 creatures vanquished.

Vanquished Creatures (others)
  3 fungi (D:4)
  A plant (D:4)
4 creatures vanquished.

Grand Total: 100 creatures vanquished

Notes
Turn   | Place    | Note
-------+----------+-------------------------------------------
     0 | D:1      | Artemis2 the Troll Berserker began the quest for the Orb.
     0 | D:1      | Reached XP level 1. HP: 22/22 MP: 0/0
    91 | D:1      | Reached XP level 2. HP: 27/29 MP: 1/1
   235 | D:1      | Reached ** piety under Trog
   299 | D:1      | Reached XP level 3. HP: 36/36 MP: 2/2
  1182 | D:2      | Reached skill level 4 in Unarmed Combat
  1182 | D:2      | Reached XP level 4. HP: 44/44 MP: 3/3
  1446 | D:3      | Found a runed translucent gate.
  1446 | D:3      | Found a runed translucent gate.
  1446 | D:3      | Found a runed translucent gate.
  1850 | D:3      | Reached *** piety under Trog
  2282 | D:3      | Noticed AlmostAGhost's ghost (amateur DsGl)
  2326 | D:4      | Noticed hahaXD's ghost (amateur GrRe)
  2326 | D:4      | Noticed a kobold brigand
  2326 | D:4      | Found a runed translucent gate.
  2326 | D:4      | Found a runed translucent gate.
  2326 | D:4      | Found a runed translucent gate.
  2451 | D:4      | Noticed a scorpion
  2459 | D:4      | Killed a scorpion
  2460 | D:4      | Reached skill level 1 in Maces & Flails
  2460 | D:4      | Reached XP level 5. HP: 38/53 MP: 4/4
  2551 | D:4      | Reached XP level 6. HP: 31/60 MP: 5/5
  2633 | D:4      | Noticed Duvessa
  2634 | D:4      | Noticed Dowan
  2654 | D:4      | Killed Duvessa
  2657 | D:4      | Killed Dowan
  2720 | D:4      | Found a staircase to the Ecumenical Temple.
  2846 | D:4      | Noticed an orc warrior
  2853 | D:4      | Killed an orc warrior
  2854 | D:4      | Reached XP level 7. HP: 27/67 MP: 6/6
  3051 | D:4      | Reached skill level 5 in Unarmed Combat
  3063 | D:4      | Slain by hahaXD's ghost

Illustrated notes

Levels and vault maps discovered:
D:1:      dpeg_arrival_tiny_b, layout_rooms, minmay_rat_gold_closets
D:2:      layout_basic, minivault_27, minmay_misc_feat_alley,
          minmay_split_cup_small
D:3:      layout_loops_corners, ebering_ghost_rock_garden, kennysheep_donut,
          serial_park_tiny_2
D:4:      layout_rooms, minmay_temple_entry_poolview,
          gammafunk_ghost_nasty_kobolds, minmay_manual_macuahuitl, uniq_duvessa

Skill      XL: |  1  2  3  4  5  6  7 |
---------------+----------------------+-----
Dodging        | 3 |  3.7
Unarmed Combat | 4 5 |  5.0
Fighting       | 3 |  3.3
Maces & Flails | 1 2 4 |  4.6
Axes           | |  0.5
Stealth        | |  0.6

Action                     |  1- 3 |  4- 6 |  7- 9 || total
---------------------------+-------+-------+-------++-------
  Melee: Unarmed           |    98 |       |       ||    98
         Mace              |       |   108 |    35 ||   143
         Punch             |       |     2 |     2 ||     4
  Throw: Dart              |       |     1 |       ||     1
 Invoke: Berserk           |       |     2 |     1 ||     3
         Trog's Hand       |       |       |     1 ||     1
    Use: Scroll            |     3 |     5 |       ||     8
         Potion            |       |     1 |     2 ||     3
   Stab: Sleeping          |     2 |       |       ||     2
 Armour: Animal skin       |    22 |    39 |    31 ||    92
  Dodge: Dodged            |    48 |    61 |    49 ||   158
